 Dungeon Crawl Stone Soup version 0.29.0-4-gdea44cf6ec (webtiles) character file.

Game seed: 11602123126354831477

28324 qw the Brawler (level 13, -4/120 HPs)
             Began as a Troll Cinder Acolyte on Aug 31, 2022.
             Was a Believer of Okawaru.
             Slain by a water moccasin (7 damage)
             ... on level 5 of the Lair of Beasts.
             The game lasted 00:08:31 (15447 turns).

qw the Brawler (Troll Cinder Acolyte)              Turns: 15447, Time: 00:08:31

Health: -4/120     AC: 11    Str: 29    XL:     13   Next: 9%
Magic:  14/15      EV:  9    Int: 16    God:    Okawaru [**....]
Gold:   533        SH: 16    Dex:  5    Spells: 14/14 levels left

rFire   . . .      SeeInvis +     - Unarmed
rCold   . . .      Faith    .   b - +0 kite shield
rNeg    + . .      Spirit   .   y - +0 acid dragon scales
rPois   +          Reflect  +   (helmet restricted)
rElec   +          Harm     .   s - +0 cloak
rCorr   +          Rampage  .   (gloves unavailable)
Will    .....                   (boots unavailable)
Stlth   ++........              z - amulet of the Tuna {Reflect Int+6 SH+5}
HPRegen 1.10/turn               o - ring of Nooqitaxt {rElec rPois SInv}
MPRegen 0.14/turn               p - ring "Cuhif" {rElec rF+ rN+}

@: heroic, fire susceptible
A: large, unfitting armour, claws 3, regeneration 1, shaggy fur 1, tough skin 1
a: Renounce Religion, Heroism


You were on level 5 of the Lair of Beasts.
You worshipped Okawaru.
Okawaru was pleased with you.
You visited 3 branches of the dungeon, and saw 15 of its levels.
You also visited: Sewer and Gauntlet.

You collected 918 gold pieces.
You spent 385 gold pieces at shops.


Innate Abilities, Weirdness & Mutations

You are too large for most types of armour.
You have claws for hands.
Your natural rate of healing is unusually fast.
You are covered in fur. (AC +1)
You have tough skin. (AC +1)


   Skills:
 - Level 6.0(11.0) Fighting
 - Level 5.4(10.4) Throwing
 - Level 3.0(8.0) Armour
 - Level 2.2(7.2) Dodging
 - Level 11.0(16.0) Shields
 + Level 15.5(20.5) Unarmed Combat
 - Level 1.0 Spellcasting
 - Level 2.1 Fire Magic
 - Level 4.0 Invocations


You had 14 spell levels left.
You didn't know any spells.
Your spell library contained the following spells:

 Spells                   Type           Power      Damage    Failure   Level
 Scorch                   Fire           14%        2d5       24%         2

Inventory:

Missiles
 a - 5 javelins (quivered)
 l - a boomerang
Armour
 b - a +0 kite shield (worn)
 s - a +0 cloak (worn)
 w - a +2 robe of cold resistance
 y - +0 acid dragon scales (worn)
Jewellery
 c - the ring "Hexzemn" {Wiz Will+}
   (You acquired it in a Gauntlet)

   [ring of wizardry]

   It improves your spell success rate.
   Will:      It increases your willpower.
 o - the ring of Nooqitaxt (left claw) {rElec rPois SInv}
   (You found it on level 3 of the Lair of Beasts)

   [ring of poison resistance]

   rElec:     It insulates you from electricity.
   rPois:     It protects you from poison.
   SInv:      It lets you see invisible.
 p - the ring "Cuhif" (right claw) {rElec rF+ rN+}
   (You acquired it on level 9 of the Dungeon)

   [ring of protection from fire]

   rF:        It protects you from fire.
   rElec:     It insulates you from electricity.
   rN:        It protects you from negative energy.
 r - a ring of see invisible
 t - a ring of ice
 u - a ring of resist corrosion
 v - a ring of poison resistance
 x - a ring of protection from fire
 z - the amulet of the Tuna (around neck) {Reflect Int+6 SH+5}
   (You found it in a Gauntlet)

   [amulet of reflection]

   It reflects blocked missile attacks.
   Int:       It affects your intelligence (+6).
   SH:        It affects your SH (+5).
 Y - the ring "Dizeis" {Ice rN++ Int-4 Dex+6}
   (You acquired it on level 2 of the Dungeon)

   [ring of ice]

   It enhances your ice magic.
   Int:       It affects your intelligence (-4).
   Dex:       It affects your dexterity (+6).
   rF:        It makes you vulnerable to fire.
   rC:        It protects you from cold.
   rN:        It greatly protects you from negative energy.
Scrolls
 g - a scroll of teleportation
 k - 9 scrolls of identify
 m - a scroll of brand weapon
 q - 2 scrolls of enchant weapon
Potions
 d - 7 potions of haste
 e - 3 potions of heal wounds
 f - 11 potions of curing
 h - a potion of magic
 i - a potion of mutation
 j - 4 potions of might
 n - 2 potions of resistance

Dungeon Overview and Level Annotations

Branches:
Dungeon (9/15)             Temple (1/1) D:5            Lair (5/5) D:9
 Shoals (0/4) Lair:2        Snake (0/4) Lair:2        Slime (0/5) Lair:4
  Sewer (visited)         Gauntlet (visited)
    Orc: D:9-12

Altars:
Ashenzari
Cheibriados
Dithmenos
Elyvilon
Fedhas
Gozag
Hepliaklqana
Kikubaaqudgha
Makhleb
Nemelex Xobeh
Okawaru
Qazlal
Ru
Sif Muna
Trog
Uskayaw
Vehumet
Wu Jian
Xom
Yredelemnul
Zin
The Shining One
Jiyva

Shops:
D:5 :   D:6 [?   D:8 (

Annotations:
D:6 1 runed translucent door, Crazy Yiuf
Lair:4 1 runed translucent door


Message History

The nine-headed hydra is moderately wounded.
You tear one of the nine-headed hydra's heads off!
The eight-headed hydra grows two more!
You mangle the ten-headed hydra!!
The ten-headed hydra is heavily wounded.
You block the ten-headed hydra's attack.
The ten-headed hydra completely misses you.
You block the ten-headed hydra's attack. x2
The ten-headed hydra bites you but does no damage.
The ten-headed hydra bites you.
The ten-headed hydra closely misses you.
You block the ten-headed hydra's attack.
The ten-headed hydra bites you! x2
You rip one of the ten-headed hydra's heads off!
The nine-headed hydra grows two more!
You mangle the 11-headed hydra!!
The 11-headed hydra is severely wounded.
The water moccasin bites you but does no damage.
The 11-headed hydra bites you but does no damage.
You block the 11-headed hydra's attack. x2; The 11-headed hydra bites you!
You block the 11-headed hydra's attack.
The 11-headed hydra barely misses you. x2
You block the 11-headed hydra's attack. The 11-headed hydra bites you. x2
The 11-headed hydra bites you but does no damage.
You tear one of the 11-headed hydra's heads off!
The ten-headed hydra grows two more!
You claw the 12-headed hydra!
The 12-headed hydra is severely wounded.
The water moccasin bites you.
You claw one of the 12-headed hydra's heads off!
The 11-headed hydra grows two more!
You mangle the 13-headed hydra!!
The 13-headed hydra is almost dead.
The 13-headed hydra barely misses you.
The 13-headed hydra bites you but does no damage.
The 13-headed hydra bites you! The 13-headed hydra barely misses you.
The 13-headed hydra bites you but does no damage.
The 13-headed hydra bites you! You block the 13-headed hydra's attack.
The 13-headed hydra bites you but does no damage.
The 13-headed hydra bites you!
The 13-headed hydra bites you but does no damage.
The 13-headed hydra bites you.
The 13-headed hydra bites you but does no damage. x2
The water moccasin bites you!
You die...

.7......#0#..#....
##....##......%.. .
###...##.....%.. ..
########....##.#.##..
...#.#...##.....########
.(...............+...###
(...7..<..7.....7...###.
......D............%..%#
....#.S@.###[...#.......
.S #.#### #...#..###.##
## #...##### #### #...#.
# 7........ . ....##....
. .7.#. .... . #7.. ...
.


You could see a 13-headed hydra and a water moccasin.

Vanquished Creatures
  A dire elephant (Lair:4)
  A minotaur (Gauntlet)
  3 hydras
  An anaconda (Lair:4)
  A death yak (Lair:4)
  Nergalle (Lair:1)
  2 fire crabs (Lair:4)
  An oklob plant (Gauntlet)
  Pikel (D:8)
  2 elephants (Lair:4)
  A moth of wrath (Gauntlet)
  A manticore (Lair:2)
  2 black mambas
  11 cane toads
  3 rime drakes
  6 komodo dragons
  A wind drake (Lair:2)
  4 blink frogs (Lair:5)
  6 dream sheep (Lair:5)
  9 flying skulls (Gauntlet)
  Sigmund (D:6)
  2 wyverns
  20 yaks
  2 basilisks
  2 fire elementals (Lair:5)
  7 nagas
  2 acid dragons
  Edmund (D:6)
  8 water moccasins
  Duvessa (D:5)
  An orc warrior (D:8)
  An ice beast (D:7)
  3 sky beasts
  4 black bears
  An ogre (D:5)
  9 wolves
  A lemure (D:8)
  A centaur (D:8)
  4 phantoms
  2 kobold brigands (D:5)
  Blork the orc (D:6)
  3 scorpions
  12 bullfrogs
  A necrophage (D:6)
  A gnoll sergeant (D:8)
  2 water moccasin zombies (D:5)
  3 wights (D:8)
  Dowan (D:5)
  4 killer bees (D:5)
  2 howler monkeys
  3 bullfrog zombies (D:5)
  2 centaur zombies (D:5)
  2 jellies
  A hound (D:4)
  5 orc priests
  A centaur skeleton (D:5)
  2 scorpion zombies (D:5)
  3 iguanas
  7 orc wizards
  2 killer bee zombies (D:5)
  2 hound zombies (D:5)
  A hound skeleton (D:5)
  11 adders
  20 gnolls
  A shadow imp (D:6)
  A white imp (D:5)
  2 ufetubi
  An adder zombie (D:5)
  3 worms
  A dart slug (D:2)
  28 orcs
  6 bats
  9 endoplasms
  12 giant cockroaches
  6 goblins
  11 hobgoblins
  23 quokkas
  11 ball pythons
  13 frilled lizards
  49 kobolds
  5 rats
405 creatures vanquished.

Vanquished Creatures (others)
  14 demonic plants (Gauntlet)
  15 fungi
  19 plants
  A withered plant (D:5)
49 creatures vanquished.

Grand Total: 454 creatures vanquished

Notes
Turn   | Place    | Note
-------+----------+-------------------------------------------
     0 | D:1      | qw the Troll Cinder Acolyte began the quest for the Orb.
     0 | D:1      | Reached XP level 1. HP: 22/22 MP: 1/1
     0 | D:1      | 0 ||| qw: Version: 0.1-a-97-g2dd2ca4
     0 | D:1      | 0 ||| qw: Game counter: 4555
     0 | D:1      | 0 ||| qw: Always use a shield: true
     0 | D:1      | 0 ||| qw: God list: Okawaru
     0 | D:1      | 0 ||| qw: Allow faded altars: false
     0 | D:1      | 0 ||| qw: Do Orc after D:15 true
     0 | D:1      | 0 ||| qw: Do second Lair branch before Depths: true
     0 | D:1      | 0 ||| qw: Lair rune preference: random
     0 | D:1      | 0 ||| qw: Plans: Normal
     0 | D:1      | 0 ||| PLANNING D:1-11
   114 | D:1      | Reached XP level 2. HP: 29/29 MP: 2/2
   149 | D:1      | 149 ||| Stepping ~*~*~tactically~*~*~ (stealth).
   153 | D:1      | 153 ||| Stepping ~*~*~tactically~*~*~ (stealth).
   154 | D:1      | 154 ||| Stepping ~*~*~tactically~*~*~ (stealth).
   261 | D:1      | Found a faded altar of an unknown god.
   572 | D:1      | Reached skill level 4 in Unarmed Combat
   607 | D:1      | 607 ||| Stepping ~*~*~tactically~*~*~ (stealth).
   811 | D:1      | Reached XP level 3. HP: 36/36 MP: 3/3
  1032 | D:1      | 1032 ||| READING 2 scrolls labelled WEANUTA HEA.
  1033 | D:1      | 1033 ||| READING scroll labelled FUJILA NITOFA.
  1034 | D:1      | 1034 ||| DROPPING scroll of poison.
  1035 | D:1      | 1035 ||| Stepping randomly (stuck).
  1036 | D:1      | 1036 ||| Stepping ~*~*~tactically~*~*~ (cloud).
  1290 | D:2      | 1290 ||| Stepping ~*~*~tactically~*~*~ (hiding).
  1291 | D:2      | 1291 ||| Stepping ~*~*~tactically~*~*~ (hiding).
  1395 | D:2      | 1395 ||| Stepping ~*~*~tactically~*~*~ (stealth).
  1402 | D:2      | 1402 ||| Stepping ~*~*~tactically~*~*~ (stealth).
  1404 | D:2      | 1404 ||| Stepping ~*~*~tactically~*~*~ (stealth).
  1485 | D:2      | 1485 ||| Stepping ~*~*~tactically~*~*~ (outnumbered).
  1541 | D:2      | 1541 ||| Stepping ~*~*~tactically~*~*~ (hiding).
  1547 | D:2      | Reached skill level 5 in Unarmed Combat
  1547 | D:2      | Reached XP level 4. HP: 35/44 MP: 4/4
  1832 | D:2      | 1832 ||| READING scroll labelled WUMNYGRIPHA.
  1833 | D:2      | 1833 ||| READING 2 scrolls labelled BEUTUU VOHUUMNO.
  1837 | D:2      | 1837 ||| READING scroll labelled VURRI EDAUGO.
  1838 | D:2      | 1838 ||| READING scroll labelled DIHUPNYSUNG.
  1838 | D:2      | Identified a scroll of acquirement
  1838 | D:2      | 1838 ||| ACQUIRING ring "Dizeis" {Ice rN++ Int-4 Dex+6}
  1838 | D:2      | Acquired the ring "Dizeis" {Ice rN++ Int-4 Dex+6}
  1840 | D:2      | 1840 ||| UPGRADING to ring "Dizeis" {Ice rN++ Int-4 Dex+6}.
  1841 | D:2      | 1841 ||| READING scroll labelled ZIRAGREOKK.
  1905 | D:3      | Found an ornate altar of the Wu Jian Council.
  1910 | D:3      | 1910 ||| Stepping ~*~*~tactically~*~*~ (outnumbered).
  1919 | D:3      | 1919 ||| FLEEEEING.
  1920 | D:3      | 1920 ||| FLEEEEING.
  2156 | D:3      | Reached skill level 1 in Dodging
  2277 | D:3      | 2277 ||| Stepping ~*~*~tactically~*~*~ (hiding).
  2278 | D:3      | 2278 ||| Stepping ~*~*~tactically~*~*~ (hiding).
  3031 | D:3      | 3031 ||| DRINKING 2 fizzy white potions.
  3032 | D:3      | 3032 ||| DRINKING 3 murky emerald potions.
  3033 | D:3      | 3033 ||| DRINKING 2 purple potions.
  3034 | D:3      | 3034 ||| DROPPING potion of attraction.
  3068 | D:4      | 3068 ||| PLANNING SEWER
  3081 | D:4      | Noticed a phantom
  3087 | D:4      | Killed a phantom
  3088 | D:4      | Reached XP level 5. HP: 49/50 MP: 5/5
  3126 | D:4      | Reached skill level 6 in Unarmed Combat
  3137 | D:4      | Found a glowing golden altar of the Shining One.
  3154 | D:4      | Found a basalt altar of Yredelemnul.
  3200 | D:4      | Noticed a black bear
  3206 | D:4      | Killed a black bear
  3207 | D:4      | Reached XP level 6. HP: 45/59 MP: 6/6
  3353 | D:4      | Reached skill level 7 in Unarmed Combat
  3536 | D:4      | Found a glowing drain.
  3550 | D:4      | 3550 ||| UPGRADING to ring of resist corrosion.
  3551 | D:4      | 3551 ||| READING scroll labelled JUNINA BAAG.
  3552 | D:4      | 3552 ||| READING scroll labelled TYIHUP OKUO.
  3553 | D:4      | 3553 ||| DRINKING 2 green potions.
  3554 | D:4      | 3554 ||| READING 4 scrolls of identify.
  3554 | D:4      | 3554 ||| IDENTIFYING bubbling pink potion
  3555 | D:4      | 3555 ||| READING 3 scrolls of identify.
  3555 | D:4      | 3555 ||| IDENTIFYING black potion
  3556 | D:4      | 3556 ||| READING 2 scrolls of identify.
  3556 | D:4      | 3556 ||| IDENTIFYING lumpy green potion
  3557 | D:4      | 3557 ||| DROPPING potion of flight.
  3595 | Sewer    | Entered a sewer
  3667 | Sewer    | 3667 ||| Stepping ~*~*~tactically~*~*~ (outnumbered).
  3805 | Sewer    | Reached XP level 7. HP: 66/66 MP: 7/7
  3814 | Sewer    | 3814 ||| Stepping ~*~*~tactically~*~*~ (stealth).
  3836 | Sewer    | 3836 ||| Stepping ~*~*~tactically~*~*~ (stealth).
  3867 | Sewer    | 3867 ||| Stepping ~*~*~tactically~*~*~ (stealth).
  3868 | Sewer    | 3868 ||| Stepping ~*~*~tactically~*~*~ (stealth).
  3871 | Sewer    | 3871 ||| Stepping ~*~*~tactically~*~*~ (stealth).
  4001 | Sewer    | Reached skill level 8 in Unarmed Combat
  4021 | Sewer    | 4021 ||| READING scroll labelled KOCLUNLUIME.
  4022 | Sewer    | 4022 ||| READING scroll labelled UTONIA XAFO.
  4037 | D:4      | 4037 ||| PLANNING D:1-11
  4077 | D:4      | Reached skill level 1 in Throwing
  4405 | D:5      | Entered Level 5 of the Dungeon
  4411 | D:5      | 4411 ||| Stepping ~*~*~tactically~*~*~ (stealth).
  4416 | D:5      | 4416 ||| INVOKING Fiery Armour.
  4416 | D:5      | HP: 15/66 [poisoned by a killer bee]
  4417 | D:5      | 4417 ||| READING 2 scrolls of teleportation.
  4418 | D:5      | Reached skill level 3 in Fighting
  4418 | D:5      | 4418 ||| DRINKING 3 potions of heal wounds.
  4423 | D:5      | HP: 16/67 [poisoned by a killer bee]
  4428 | D:5      | HP: 15/67 [poisoned by a killer bee]
  4530 | D:5      | Found a staircase to the Ecumenical Temple.
  4552 | D:5      | Reached skill level 3 in Throwing
  4590 | D:5      | Found Omajoil's Book Boutique.
  4640 | D:5      | Reached XP level 8. HP: 74/75 MP: 8/8
  4657 | D:5      | 4657 ||| Stepping ~*~*~tactically~*~*~ (stealth).
  4733 | D:5      | Reached skill level 9 in Unarmed Combat
  4899 | D:5      | Reached skill level 10 in Unarmed Combat
  4961 | D:5      | 4961 ||| Stepping ~*~*~tactically~*~*~ (stealth).
  4962 | D:5      | 4962 ||| Stepping ~*~*~tactically~*~*~ (stealth).
  4963 | D:5      | Noticed Duvessa
  4966 | D:5      | 4966 ||| Stepping ~*~*~tactically~*~*~ (stealth).
  4975 | D:5      | Killed Duvessa
  4977 | D:5      | 4977 ||| Stepping ~*~*~tactically~*~*~ (stealth).
  4979 | D:5      | 4979 ||| Stepping ~*~*~tactically~*~*~ (stealth).
  4987 | D:5      | Noticed Dowan
  4990 | D:5      | Killed Dowan
  4999 | D:5      | 4999 ||| Stepping ~*~*~tactically~*~*~ (outnumbered).
  5000 | D:5      | 5000 ||| Stepping ~*~*~tactically~*~*~ (outnumbered).
  5001 | D:5      | 5001 ||| Stepping ~*~*~tactically~*~*~ (outnumbered).
  5003 | D:5      | 5003 ||| Stepping ~*~*~tactically~*~*~ (outnumbered).
  5085 | D:5      | 5085 ||| Stepping ~*~*~tactically~*~*~ (stealth).
  5088 | D:5      | 5088 ||| Stepping ~*~*~tactically~*~*~ (stealth).
  5095 | D:5      | 5095 ||| Stepping ~*~*~tactically~*~*~ (outnumbered).
  5096 | D:5      | 5096 ||| Stepping ~*~*~tactically~*~*~ (outnumbered).
  5097 | D:5      | 5097 ||| Stepping ~*~*~tactically~*~*~ (outnumbered).
  5098 | D:5      | 5098 ||| Stepping ~*~*~tactically~*~*~ (outnumbered).
  5099 | D:5      | 5099 ||| Stepping ~*~*~tactically~*~*~ (outnumbered).
  5100 | D:5      | 5100 ||| Stepping ~*~*~tactically~*~*~ (outnumbered).
  5101 | D:5      | 5101 ||| Stepping ~*~*~tactically~*~*~ (outnumbered).
  5167 | D:5      | 5167 ||| Stepping ~*~*~tactically~*~*~ (stealth).
  5192 | D:5      | 5192 ||| Stepping ~*~*~tactically~*~*~ (stealth).
  5206 | D:5      | 5206 ||| Stepping ~*~*~tactically~*~*~ (stealth).
  5208 | D:5      | 5208 ||| Stepping ~*~*~tactically~*~*~ (stealth).
  5209 | D:5      | 5209 ||| Stepping ~*~*~tactically~*~*~ (stealth).
  5214 | D:5      | 5214 ||| Stepping ~*~*~tactically~*~*~ (stealth).
  5216 | D:5      | 5216 ||| Stepping ~*~*~tactically~*~*~ (stealth).
  5220 | D:5      | 5220 ||| Stepping ~*~*~tactically~*~*~ (stealth).
  5227 | D:5      | 5227 ||| Stepping ~*~*~tactically~*~*~ (stealth).
  5228 | D:5      | 5228 ||| Stepping ~*~*~tactically~*~*~ (stealth).
  5229 | D:5      | 5229 ||| Stepping ~*~*~tactically~*~*~ (stealth).
  5230 | D:5      | 5230 ||| Stepping ~*~*~tactically~*~*~ (stealth).
  5231 | D:5      | 5231 ||| Stepping ~*~*~tactically~*~*~ (stealth).
  5237 | D:5      | 5237 ||| Stepping ~*~*~tactically~*~*~ (outnumbered).
  5238 | D:5      | 5238 ||| Stepping ~*~*~tactically~*~*~ (outnumbered).
  5239 | D:5      | 5239 ||| Stepping ~*~*~tactically~*~*~ (outnumbered).
  5240 | D:5      | 5240 ||| Stepping ~*~*~tactically~*~*~ (stealth).
  5241 | D:5      | 5241 ||| Stepping ~*~*~tactically~*~*~ (outnumbered).
  5242 | D:5      | 5242 ||| Stepping ~*~*~tactically~*~*~ (outnumbered).
  5243 | D:5      | 5243 ||| INVOKING Fiery Armour.
  5245 | D:5      | 5245 ||| Stepping ~*~*~tactically~*~*~ (outnumbered).
  5247 | D:5      | Reached XP level 9. HP: 76/84 MP: 9/9
  5383 | D:5      | 5383 ||| Stepping ~*~*~tactically~*~*~ (outnumbered).
  5384 | D:5      | 5384 ||| Stepping ~*~*~tactically~*~*~ (outnumbered).
  5385 | D:5      | 5385 ||| Stepping ~*~*~tactically~*~*~ (outnumbered).
  5386 | D:5      | 5386 ||| Stepping ~*~*~tactically~*~*~ (outnumbered).
  5387 | D:5      | 5387 ||| Stepping ~*~*~tactically~*~*~ (outnumbered).
  5388 | D:5      | 5388 ||| Stepping ~*~*~tactically~*~*~ (outnumbered).
  5389 | D:5      | 5389 ||| Stepping ~*~*~tactically~*~*~ (outnumbered).
  5414 | D:5      | 5414 ||| Stepping ~*~*~tactically~*~*~ (stealth).
  5415 | D:5      | 5415 ||| Stepping ~*~*~tactically~*~*~ (stealth).
  5417 | D:5      | 5417 ||| Stepping ~*~*~tactically~*~*~ (stealth).
  5429 | D:5      | 5429 ||| Stepping ~*~*~tactically~*~*~ (stealth).
  5430 | D:5      | 5430 ||| Stepping ~*~*~tactically~*~*~ (stealth).
  5455 | D:5      | 5455 ||| INVOKING Fiery Armour.
  5593 | D:5      | Reached skill level 11 in Unarmed Combat
  5758 | D:5      | 5758 ||| UPGRADING to amulet of the acrobat.
  5763 | D:5      | 5763 ||| UPGRADING to ring of ice.
  5765 | D:5      | 5765 ||| READING scroll labelled JYDULE IZXE.
  5808 | D:5      | 5808 ||| Stepping ~*~*~tactically~*~*~ (stealth).
  5811 | D:5      | 5811 ||| Stepping ~*~*~tactically~*~*~ (stealth).
  5849 | D:6      | Noticed Sigmund
  5851 | D:6      | Noticed Blork the orc
  5852 | D:6      | 5852 ||| INVOKING Fiery Armour.
  5862 | D:6      | Killed Sigmund
  5866 | D:6      | Killed Blork the orc
  5946 | D:6      | Found Equseof's Armour Boutique.
  5949 | D:6      | Found Patesual's Magic Scroll Boutique.
  5959 | D:6      | Noticed Edmund
  5966 | D:6      | Killed Edmund
  5988 | D:6      | 5988 ||| BUYING scroll of brand weapon (95 gold).
  5988 | D:6      | Bought a scroll of brand weapon for 95 gold pieces
  5988 | D:6      | 5988 ||| BUYING scroll of enchant weapon (75 gold).
  5988 | D:6      | Bought a scroll of enchant weapon for 75 gold pieces
  5988 | D:6      | 5988 ||| BUYING scroll of identify (20 gold).
  5988 | D:6      | Bought a scroll of identify for 20 gold pieces
  5988 | D:6      | 5988 ||| BUYING scroll of identify (20 gold).
  5988 | D:6      | Bought a scroll of identify for 20 gold pieces
  5988 | D:6      | 5988 ||| BUYING scroll of identify (20 gold).
  5988 | D:6      | Bought a scroll of identify for 20 gold pieces
  5988 | D:6      | 5988 ||| BUYING scroll of identify (20 gold).
  5988 | D:6      | Bought a scroll of identify for 20 gold pieces
  5992 | D:6      | 5992 ||| BUYING +1 robe of positive energy (135 gold).
  5992 | D:6      | Bought a +1 robe of positive energy for 135 gold pieces
  5992 | D:6      | 5992 ||| SHOPLISTING +2 troll leather armour (378 gold,
                  | have 26).
  6044 | D:6      | 6044 ||| Stepping ~*~*~tactically~*~*~ (stealth).
  6046 | D:6      | 6046 ||| Stepping ~*~*~tactically~*~*~ (stealth).
  6048 | D:6      | 6048 ||| Stepping ~*~*~tactically~*~*~ (hiding).
  6063 | D:6      | 6063 ||| Stepping ~*~*~tactically~*~*~ (stealth).
  6064 | D:6      | 6064 ||| Stepping ~*~*~tactically~*~*~ (stealth).
  6072 | D:6      | 6072 ||| Stepping ~*~*~tactically~*~*~ (hiding).
  6073 | D:6      | 6073 ||| Stepping ~*~*~tactically~*~*~ (hiding).
  6227 | D:6      | Found a stormy altar of Qazlal.
  6368 | D:6      | 6368 ||| Stepping ~*~*~tactically~*~*~ (hiding).
  6661 | D:6      | Found a runed translucent door.
  6662 | D:6      | Noticed Crazy Yiuf
  6719 | D:6      | 6719 ||| Stepping ~*~*~tactically~*~*~ (stealth).
  6736 | D:6      | 6736 ||| FLEEEEING.
  6737 | D:6      | 6737 ||| FLEEEEING.
  6738 | D:6      | 6738 ||| FLEEEEING.
  6739 | D:6      | 6739 ||| FLEEEEING.
  7047 | D:6      | 7047 ||| UPGRADING to +1 robe of positive energy.
  7057 | D:6      | 7057 ||| DROPPING +0 robe.
  7058 | D:6      | 7058 ||| DROPPING ring of flight.
  7059 | D:6      | 7059 ||| UPGRADING to ring of poison resistance.
  7061 | D:6      | 7061 ||| READING scroll labelled GOM SUNADE.
  7062 | D:6      | 7062 ||| READING 7 scrolls of identify.
  7062 | D:6      | 7062 ||| IDENTIFYING sapphire potion
  7063 | D:6      | 7063 ||| READING 6 scrolls of identify.
  7063 | D:6      | 7063 ||| IDENTIFYING orange potion
  7064 | D:6      | 7064 ||| READING 5 scrolls of identify.
  7064 | D:6      | 7064 ||| IDENTIFYING viscous black potion
  7065 | D:6      | 7065 ||| DROPPING potion of brilliance.
  7066 | D:6      | 7066 ||| DROPPING potion of lignification.
  7067 | D:6      | 7067 ||| DROPPING potion of invisibility.
  7135 | D:7      | 7135 ||| INVOKING Fiery Armour.
  7136 | D:7      | 7136 ||| Stepping ~*~*~tactically~*~*~ (outnumbered).
  7139 | D:7      | 7139 ||| Stepping ~*~*~tactically~*~*~ (outnumbered).
  7510 | D:7      | Reached skill level 12 in Unarmed Combat
  7995 | D:7      | 7995 ||| READING 5 scrolls of identify.
  7995 | D:7      | 7995 ||| IDENTIFYING fuming emerald potion
  7996 | D:7      | 7996 ||| DROPPING potion of ambrosia.
  8102 | D:8      | 8102 ||| Stepping ~*~*~tactically~*~*~ (stealth).
  8127 | D:8      | Noticed Pikel
  8134 | D:8      | Killed Pikel
  8183 | D:8      | 8183 ||| Stepping ~*~*~tactically~*~*~ (stealth).
  8193 | D:8      | 8193 ||| INVOKING Fiery Armour.
  8198 | D:8      | Reached XP level 10. HP: 96/96 MP: 10/10
  8211 | D:8      | Found Relommar's Weapon Emporium.
  8226 | D:8      | 8226 ||| Stepping ~*~*~tactically~*~*~ (stealth).
  8250 | D:8      | 8250 ||| Stepping ~*~*~tactically~*~*~ (hiding).
  8251 | D:8      | 8251 ||| Stepping ~*~*~tactically~*~*~ (hiding).
  8326 | D:8      | Found a sparkling altar of Nemelex Xobeh.
  8507 | D:8      | 8507 ||| Stepping ~*~*~tactically~*~*~ (hiding).
  8580 | D:8      | 8580 ||| Stepping ~*~*~tactically~*~*~ (outnumbered).
  8581 | D:8      | 8581 ||| Stepping ~*~*~tactically~*~*~ (outnumbered).
  8727 | D:8      | 8727 ||| READING scroll labelled UGYOVI QUS.
  8828 | D:8      | 8828 ||| READING 5 scrolls of identify.
  8828 | D:8      | 8828 ||| IDENTIFYING red potion
  8878 | D:9      | 8878 ||| Stepping ~*~*~tactically~*~*~ (hiding).
  8889 | D:9      | 8889 ||| Stepping ~*~*~tactically~*~*~ (stealth).
  8891 | D:9      | 8891 ||| Stepping ~*~*~tactically~*~*~ (stealth).
  8893 | D:9      | 8893 ||| Stepping ~*~*~tactically~*~*~ (stealth).
  8894 | D:9      | 8894 ||| Stepping ~*~*~tactically~*~*~ (stealth).
  8909 | D:9      | 8909 ||| READING scroll of acquirement.
  8909 | D:9      | 8909 ||| ACQUIRING ring "Cuhif" {rElec rF+ rN+}
  8909 | D:9      | Acquired the ring "Cuhif" {rElec rF+ rN+}
  8911 | D:9      | 8911 ||| UPGRADING to ring "Cuhif" {rElec rF+ rN+}.
  9092 | D:9      | 9092 ||| Stepping ~*~*~tactically~*~*~ (stealth).
  9102 | D:9      | Found a staircase to the Lair.
  9141 | D:9      | 9141 ||| Stepping randomly (disturbance).
  9254 | D:9      | 9254 ||| Stepping ~*~*~tactically~*~*~ (stealth).
  9255 | D:9      | 9255 ||| Stepping ~*~*~tactically~*~*~ (stealth).
  9261 | D:9      | Found a broken altar of Ashenzari.
  9262 | D:9      | 9262 ||| Stepping ~*~*~tactically~*~*~ (stealth).
  9264 | D:9      | 9264 ||| Stepping ~*~*~tactically~*~*~ (hiding).
  9421 | D:9      | 9421 ||| PLANNING LAIR
  9421 | D:9      | 9421 ||| UPGRADING to +0 cloak.
  9450 | Lair:1   | Entered Level 1 of the Lair of Beasts
  9493 | Lair:1   | Reached skill level 13 in Unarmed Combat
  9555 | Lair:1   | 9555 ||| Stepping ~*~*~tactically~*~*~ (outnumbered).
  9556 | Lair:1   | 9556 ||| Stepping ~*~*~tactically~*~*~ (outnumbered).
  9558 | Lair:1   | Reached skill level 1 in Armour
  9566 | Lair:1   | 9566 ||| Stepping ~*~*~tactically~*~*~ (outnumbered).
  9604 | Lair:1   | Noticed a cane toad
  9605 | Lair:1   | 9605 ||| Stepping ~*~*~tactically~*~*~ (stealth).
  9612 | Lair:1   | Killed a cane toad
  9707 | Lair:1   | 9707 ||| Stepping ~*~*~tactically~*~*~ (stealth).
  9712 | Lair:1   | 9712 ||| Stepping ~*~*~tactically~*~*~ (outnumbered).
  9793 | Lair:1   | Noticed Nergalle
  9798 | Lair:1   | Killed Nergalle
  9799 | Lair:1   | Reached skill level 14 in Unarmed Combat
  9921 | Lair:1   | Noticed a cane toad
  9934 | Lair:1   | 9934 ||| INVOKING Fiery Armour.
  9935 | Lair:1   | Killed a cane toad
  9936 | Lair:1   | Reached skill level 6 in Fighting
  9936 | Lair:1   | Reached XP level 11. HP: 45/105 MP: 11/11
 10413 | Lair:1   | 10413 ||| UPGRADING to +0 kite shield.
 10418 | Lair:1   | 10418 ||| UPGRADING to +2 robe of cold resistance.
 10428 | Lair:1   | 10428 ||| DROPPING +1 robe of positive energy.
 10461 | Lair:2   | 10461 ||| Stepping ~*~*~tactically~*~*~ (hiding).
 10464 | Lair:2   | 10464 ||| Stepping ~*~*~tactically~*~*~ (hiding).
 10468 | Lair:2   | 10468 ||| Stepping ~*~*~tactically~*~*~ (hiding).
 10483 | Lair:2   | 10483 ||| INVOKING Fiery Armour.
 10485 | Lair:2   | Reached skill level 1 in Shields
 10487 | Lair:2   | 10487 ||| STAIRDANCE
 10549 | Lair:2   | 10549 ||| STAIRDANCE
 10558 | Lair:2   | 10558 ||| STAIRDANCE
 10610 | Lair:2   | 10610 ||| Stepping ~*~*~tactically~*~*~ (hiding).
 10679 | Lair:2   | Found a staircase to the Snake Pit.
 10815 | Lair:2   | 10815 ||| INVOKING Fiery Armour.
 10817 | Lair:2   | Reached skill level 3 in Shields
 10819 | Lair:2   | 10819 ||| Stepping ~*~*~tactically~*~*~ (stealth).
 10821 | Lair:2   | 10821 ||| Stepping ~*~*~tactically~*~*~ (stealth).
 10823 | Lair:2   | 10823 ||| Stepping ~*~*~tactically~*~*~ (stealth).
 10829 | Lair:2   | 10829 ||| Stepping ~*~*~tactically~*~*~ (stealth).
 10885 | Lair:2   | 10885 ||| Stepping ~*~*~tactically~*~*~ (hiding).
 10907 | Lair:2   | Found a staircase to the Shoals.
 10908 | Lair:2   | 10908 ||| Stepping ~*~*~tactically~*~*~ (hiding).
 10910 | Lair:2   | 10910 ||| Stepping ~*~*~tactically~*~*~ (hiding).
 11672 | Lair:3   | Noticed a six-headed hydra
 11673 | Lair:3   | 11673 ||| INVOKING Fiery Armour.
 11679 | Lair:3   | Killed a nine-headed hydra
 11680 | Lair:3   | Reached skill level 6 in Shields
 11701 | Lair:3   | 11701 ||| Stepping ~*~*~tactically~*~*~ (stealth).
 11714 | Lair:3   | Identified the ring of Nooqitaxt {rElec rPois SInv}
 11723 | Lair:3   | 11723 ||| Stepping ~*~*~tactically~*~*~ (stealth).
 11947 | Lair:3   | Identified the +3 rapier "Hig Pirch" {flame, rF+ Stlth+}
 11970 | Lair:3   | 11970 ||| Stepping ~*~*~tactically~*~*~ (hiding).
 12265 | Lair:3   | 12265 ||| DROPPING ring of poison resistance.
 12266 | Lair:3   | 12266 ||| UPGRADING to ring of Nooqitaxt {rElec rPois
                  | SInv}.
 12268 | Lair:3   | 12268 ||| REMOVING ring of poison resistance.
 12269 | Lair:3   | 12269 ||| UPGRADING to ring of resist corrosion.
 12270 | Lair:3   | 12270 ||| UPGRADING to ring "Dizeis" {Ice rN++ Int-4
                  | Dex+6}.
 12272 | Lair:3   | 12272 ||| UPGRADING to ring "Cuhif" {rElec rF+ rN+}.
 12295 | Lair:4   | 12295 ||| PLANNING GAUNTLET
 12299 | Lair:4   | 12299 ||| STAIRDANCE
 12309 | Lair:4   | 12309 ||| STAIRDANCE
 12362 | Lair:4   | 12362 ||| Stepping ~*~*~tactically~*~*~ (outnumbered).
 12363 | Lair:4   | 12363 ||| Stepping ~*~*~tactically~*~*~ (outnumbered).
 12364 | Lair:4   | 12364 ||| Stepping ~*~*~tactically~*~*~ (outnumbered).
 12365 | Lair:4   | 12365 ||| Stepping ~*~*~tactically~*~*~ (outnumbered).
 12366 | Lair:4   | 12366 ||| Stepping ~*~*~tactically~*~*~ (outnumbered).
 12367 | Lair:4   | 12367 ||| Stepping ~*~*~tactically~*~*~ (outnumbered).
 12368 | Lair:4   | 12368 ||| Stepping ~*~*~tactically~*~*~ (outnumbered).
 12369 | Lair:4   | 12369 ||| Stepping ~*~*~tactically~*~*~ (outnumbered).
 12370 | Lair:4   | 12370 ||| Stepping ~*~*~tactically~*~*~ (outnumbered).
 12371 | Lair:4   | 12371 ||| Stepping ~*~*~tactically~*~*~ (outnumbered).
 12373 | Lair:4   | 12373 ||| Stepping ~*~*~tactically~*~*~ (outnumbered).
 12374 | Lair:4   | 12374 ||| Stepping ~*~*~tactically~*~*~ (outnumbered).
 12375 | Lair:4   | 12375 ||| Stepping ~*~*~tactically~*~*~ (outnumbered).
 12376 | Lair:4   | 12376 ||| Stepping ~*~*~tactically~*~*~ (outnumbered).
 12377 | Lair:4   | 12377 ||| Stepping ~*~*~tactically~*~*~ (outnumbered).
 12378 | Lair:4   | 12378 ||| Stepping ~*~*~tactically~*~*~ (outnumbered).
 12379 | Lair:4   | 12379 ||| Stepping ~*~*~tactically~*~*~ (outnumbered).
 12380 | Lair:4   | 12380 ||| Stepping ~*~*~tactically~*~*~ (outnumbered).
 12381 | Lair:4   | 12381 ||| Stepping ~*~*~tactically~*~*~ (outnumbered).
 12382 | Lair:4   | 12382 ||| Stepping ~*~*~tactically~*~*~ (outnumbered).
 12383 | Lair:4   | 12383 ||| Stepping ~*~*~tactically~*~*~ (outnumbered).
 12468 | Lair:4   | Noticed a seven-headed hydra
 12469 | Lair:4   | 12469 ||| INVOKING Fiery Armour.
 12472 | Lair:4   | Killed a nine-headed hydra
 12574 | Lair:4   | Reached XP level 12. HP: 99/114 MP: 12/12
 12644 | Lair:4   | Found a gate leading to a gauntlet.
 12653 | Gauntlet | Entered a Gauntlet
 12653 | Gauntlet | Found a transporter.
 12653 | Gauntlet | Found a transporter.
 12657 | Gauntlet | Found a transporter.
 12657 | Gauntlet | Found a transporter.
 12667 | Gauntlet | Found a transporter.
 12677 | Gauntlet | Found a transporter.
 12679 | Gauntlet | Found a transporter.
 12680 | Gauntlet | Found a transporter.
 12713 | Gauntlet | Found a transporter.
 12722 | Gauntlet | Found a transporter.
 12744 | Gauntlet | Found a transporter.
 12748 | Gauntlet | Noticed a tengu warrior
 12756 | Gauntlet | Found a transporter.
 12798 | Gauntlet | Found a transporter.
 12814 | Gauntlet | Found a transporter.
 12913 | Gauntlet | Found a transporter.
 12929 | Gauntlet | Found a transporter.
 13015 | Gauntlet | 13015 ||| Stepping randomly (stuck).
 13021 | Gauntlet | 13021 ||| Stepping ~*~*~tactically~*~*~ (outnumbered).
 13030 | Gauntlet | 13030 ||| INVOKING Fiery Armour.
 13105 | Gauntlet | 13105 ||| READING scroll of acquirement.
 13105 | Gauntlet | 13105 ||| ACQUIRING ring "Hexzemn" {Wiz Will+}
 13105 | Gauntlet | Acquired the ring "Hexzemn" {Wiz Will+}
 13128 | Gauntlet | 13128 ||| Stepping ~*~*~tactically~*~*~ (hiding).
 13182 | Gauntlet | 13182 ||| Stepping ~*~*~tactically~*~*~ (stealth).
 13183 | Gauntlet | 13183 ||| Stepping ~*~*~tactically~*~*~ (stealth).
 13187 | Gauntlet | 13187 ||| INVOKING Fiery Armour.
 13194 | Gauntlet | Reached skill level 9 in Shields
 13230 | Gauntlet | 13230 ||| UPGRADING to +0 acid dragon scales.
 13390 | Gauntlet | Noticed a minotaur
 13400 | Gauntlet | HP: 23/114 [minotaur/+0 falchion (11)]
 13401 | Gauntlet | 13401 ||| DRINKING 12 potions of heal wounds.
 13404 | Gauntlet | 13404 ||| DRINKING 11 potions of heal wounds.
 13405 | Gauntlet | HP: 25/114 [minotaur/+0 falchion (24)]
 13406 | Gauntlet | 13406 ||| DRINKING 10 potions of heal wounds.
 13409 | Gauntlet | Killed a minotaur
 13496 | Gauntlet | Identified the amulet of the Tuna {Reflect Int+6 SH+5}
 13527 | Gauntlet | 13527 ||| UPGRADING to amulet of the Tuna {Reflect Int+6
                  | SH+5}.
 13537 | Gauntlet | 13537 ||| DROPPING amulet of the acrobat.
 13551 | Lair:4   | 13551 ||| PLANNING TEMPLE
 13740 | Temple   | Entered the Ecumenical Temple
 13805 | Temple   | 13805 ||| PLANNING CONVERSION TO OKAWARU
 13838 | Temple   | Fell from the grace of Ignis
 13838 | Temple   | Became a worshipper of Warmaster Okawaru
 13839 | Temple   | 13839 ||| PLANNING LAIR
 14144 | Lair:4   | 14144 ||| Stepping ~*~*~tactically~*~*~ (stealth).
 14147 | Lair:4   | 14147 ||| Stepping ~*~*~tactically~*~*~ (stealth).
 14156 | Lair:4   | 14156 ||| Stepping ~*~*~tactically~*~*~ (outnumbered).
 14157 | Lair:4   | 14157 ||| Stepping ~*~*~tactically~*~*~ (outnumbered).
 14164 | Lair:4   | 14164 ||| Stepping ~*~*~tactically~*~*~ (outnumbered).
 14166 | Lair:4   | 14166 ||| Stepping ~*~*~tactically~*~*~ (outnumbered).
 14279 | Lair:4   | Found a runed translucent door.
 14280 | Lair:4   | Found a viscous altar of Jiyva.
 14280 | Lair:4   | Noticed an acid blob
 14281 | Lair:4   | Noticed an acid blob
 14281 | Lair:4   | Noticed an acid blob
 14282 | Lair:4   | Found a staircase to the Slime Pits.
 14282 | Lair:4   | Noticed an acid blob
 14337 | Lair:4   | Reached skill level 15 in Unarmed Combat
 14706 | Lair:4   | 14706 ||| Stepping ~*~*~tactically~*~*~ (stealth).
 14711 | Lair:4   | Noticed a dire elephant
 14726 | Lair:4   | HP: 16/114 [dire elephant (28)]
 14727 | Lair:4   | 14727 ||| READING 5 scrolls of teleportation.
 14728 | Lair:4   | 14728 ||| DRINKING 9 potions of heal wounds.
 14730 | Lair:4   | Killed a dire elephant
 14837 | Lair:4   | 14837 ||| Stepping randomly (cloudy).
 14838 | Lair:4   | 14838 ||| Stepping randomly (cloudy).
 14841 | Lair:4   | Noticed a four-headed hydra
 14845 | Lair:4   | HP: 26/114 [fire crab (13)]
 14846 | Lair:4   | 14846 ||| READING 4 scrolls of teleportation.
 14847 | Lair:4   | 14847 ||| DRINKING 8 potions of heal wounds.
 14848 | Lair:4   | Reached * piety under Okawaru
 14849 | Lair:4   | 14849 ||| INVOKING Heroism.
 14850 | Lair:4   | HP: 21/114 [five-headed hydra (13)]
 14851 | Lair:4   | 14851 ||| DRINKING 7 potions of heal wounds.
 14944 | Lair:4   | 14944 ||| Stepping ~*~*~tactically~*~*~ (stealth).
 14946 | Lair:4   | 14946 ||| INVOKING Heroism.
 14950 | Lair:4   | Killed an eight-headed hydra
 14951 | Lair:4   | Reached skill level 1 in Invocations
 15000 | Lair:4   | 15000 ||| INVOKING Heroism.
 15052 | Lair:4   | Reached skill level 3 in Armour
 15101 | Lair:4   | Noticed a dire elephant
 15101 | Lair:4   | Noticed a death yak
 15101 | Lair:4   | Noticed an anaconda
 15102 | Lair:4   | 15102 ||| Stepping randomly (cloudy).
 15105 | Lair:4   | 15105 ||| INVOKING Heroism.
 15108 | Lair:4   | Killed an anaconda
 15112 | Lair:4   | Killed a death yak
 15113 | Lair:4   | Reached skill level 3 in Invocations
 15116 | Lair:4   | Reached ** piety under Okawaru
 15122 | Lair:4   | HP: 28/114 [steam dragon] (4)]
 15124 | Lair:4   | 15124 ||| READING 3 scrolls of teleportation.
 15125 | Lair:4   | 15125 ||| DRINKING 6 potions of heal wounds.
 15127 | Lair:4   | 15127 ||| DRINKING 5 potions of heal wounds.
 15181 | Lair:4   | You fall into a shaft and drop 1 floor!
 15181 | Lair:5   | Entered Level 5 of the Lair of Beasts
 15233 | Lair:5   | 15233 ||| INVOKING Heroism.
 15237 | Lair:5   | 15237 ||| Stepping ~*~*~tactically~*~*~ (stealth).
 15249 | Lair:5   | 15249 ||| Stepping ~*~*~tactically~*~*~ (outnumbered).
 15250 | Lair:5   | 15250 ||| Stepping ~*~*~tactically~*~*~ (outnumbered).
 15251 | Lair:5   | 15251 ||| Stepping ~*~*~tactically~*~*~ (outnumbered).
 15257 | Lair:5   | 15257 ||| Stepping ~*~*~tactically~*~*~ (outnumbered).
 15260 | Lair:5   | Reached XP level 13. HP: 83/120 MP: 13/15
 15261 | Lair:5   | 15261 ||| Stepping ~*~*~tactically~*~*~ (outnumbered).
 15262 | Lair:5   | 15262 ||| INVOKING Heroism.
 15263 | Lair:5   | 15263 ||| Stepping ~*~*~tactically~*~*~ (outnumbered).
 15265 | Lair:5   | 15265 ||| Stepping ~*~*~tactically~*~*~ (outnumbered).
 15268 | Lair:5   | 15268 ||| Stepping ~*~*~tactically~*~*~ (outnumbered).
 15269 | Lair:5   | 15269 ||| Stepping ~*~*~tactically~*~*~ (stealth).
 15274 | Lair:5   | 15274 ||| Stepping ~*~*~tactically~*~*~ (outnumbered).
 15275 | Lair:5   | 15275 ||| Stepping ~*~*~tactically~*~*~ (outnumbered).
 15283 | Lair:5   | 15283 ||| INVOKING Heroism.
 15324 | Lair:5   | 15324 ||| Stepping ~*~*~tactically~*~*~ (outnumbered).
 15328 | Lair:5   | 15328 ||| INVOKING Heroism.
 15328 | Lair:5   | HP: 30/120 [fire elemental[the fiery vengeance of Ignis]
                  | (11)]
 15329 | Lair:5   | 15329 ||| READING 2 scrolls of teleportation.
 15330 | Lair:5   | 15330 ||| DRINKING 4 potions of heal wounds.
 15339 | Lair:5   | 15339 ||| Stepping ~*~*~tactically~*~*~ (stealth).
 15340 | Lair:5   | 15340 ||| INVOKING Heroism.
 15376 | Lair:5   | 15376 ||| Stepping ~*~*~tactically~*~*~ (stealth).
 15399 | Lair:5   | 15399 ||| Stepping ~*~*~tactically~*~*~ (stealth).
 15429 | Lair:5   | 15429 ||| READING 10 scrolls of identify.
 15429 | Lair:5   | 15429 ||| IDENTIFYING emerald potion
 15437 | Lair:5   | 15437 ||| INVOKING Heroism.
 15438 | Lair:5   | 15438 ||| Stepping ~*~*~tactically~*~*~ (stealth).
 15440 | Lair:5   | 15440 ||| Stepping ~*~*~tactically~*~*~ (stealth).
 15447 | Lair:5   | HP: 24/120 [13-headed hydra (10)]
 15447 | Lair:5   | HP: 8/120 [13-headed hydra (7)]
 15447 | Lair:5   | HP: 3/120 [13-headed hydra (5)]
 15447 | Lair:5   | Slain by a water moccasin

Levels and vault maps discovered:
D:1:      dpeg_arrival_court, layout_basic, serial_co_window_serial,
          co_window_corner_a, co_window_corner_a, co_window_paths_a,
          co_window_corner_a, co_window_paths_a, co_window_cross_4,
          co_window_cross_2, co_window_of_opportunity_b,
          co_window_unsneaky_path_a, co_window_4corner_a, co_window_sun,
          glass_columns_b, glass_columns_a, glass_columns_b, glass_columns_a,
          glass_columns_b, shapermc_ecumenical_altar_rom_forum
D:2:      layout_basic, moated_statue
D:3:      layout_basic, mainiacjoe_overflow_24_doors, kennysheep_path_1
D:4:      layout_basic, grunt_temple_overflow_holy_war, portal_sewer_entry_f,
          minmay_distorted
D:5:      minmay_goblin_kobold_castle, layout_gridville,
          minmay_temple_entry_junction, serial_shops, nicolae_shop_behind_doors,
          serial_undead, serial_undead_a, serial_undead_d, serial_undead_a,
          serial_undead_b, serial_undead_f, uniq_duvessa
D:6:      layout_loops_corners, mainiacjoe_overflow_alcove_4, amethyst_killhole,
          minivault_10, serial_bayou_lagoon_a, nicolae_wooded_promenade,
          uniq_crazy_yiuf_cottage, uniq_sigmund, uniq_blork_the_orc, uniq_edmund
D:7:      layout_basic, kennysheep_crisscross, sigmund_army
D:8:      layout_loops_cross, nemelex_spade_bored_becter, serial_shops,
          nicolae_square_shop, uniq_pikel
D:9:      wander_river, layout_small_grid, lemuel_tele_altar, lair_entry_dummy
Temple:   minmay_temple_bridge_d
Lair:1:   layout_roguey, uniq_nergalle
Lair:2:   layout_loops_ring, minmay_shoals_entry_beasts,
          minmay_snake_entry_guardpost_medium
Lair:3:   layout_gridlike, lemuel_fruit_tree, infiniplex_staircase_pool_2
Lair:4:   layout_regular_city, slime_entry_2, gauntlet_entry_generic,
          nicolae_lair_lakeside_cave
Lair:5:   evilmike_catoblepas_cave, layout_regular_city, grunt_megastairs_5

Skill      XL: |  1  2  3  4  5  6  7  8  9 10 11 12 |
---------------+-------------------------------------+-----
Unarmed Combat | 4 5 6 7 8 10 12 14 15 | 15.5
Dodging        | 1 2 |  2.2
Throwing       | 3 4 5 |  5.4
Fighting       | 3 4 5 6 |  6.0
Armour         | 1 3 |  3.0
Shields        | 8 11 | 11.0
Invocations    | 4 |  4.0
Spellcasting   | |  1.0
Fire Magic     | |  2.1

Action                   |  1- 3 |  4- 6 |  7- 9 | 10-12 | 13-15 || total
-------------------------+-------+-------+-------+-------+-------++-------
Melee: Unarmed           |    83 |   166 |   325 |   473 |    32 ||  1079
       Punch             |     1 |     6 |    19 |    10 |       ||    36
Throw: Large rock        |       |       |    53 |    19 |       ||    72
       Javelin           |       |       |       |    45 |     7 ||    52
       Boomerang         |       |       |       |     3 |     1 ||     4
Invok: Fiery Armour      |       |       |     6 |     7 |       ||    13
       Heroism           |       |       |       |     5 |     5 ||    10
  Use: Scroll            |     2 |    10 |     9 |     7 |     2 ||    30
       Potion            |       |     4 |     1 |     8 |     1 ||    14
Armor: Robe              |    24 |    40 |   107 |    61 |       ||   232
       Acid dragon scale |       |       |       |    55 |    20 ||    75
Dodge: Dodged            |    28 |    46 |   124 |   147 |    16 ||   361
Block: Kite shield       |       |       |       |   139 |    35 ||   174
       Reflection        |       |       |       |     2 |       ||     2

Table legend:
 A = Non-vault XP
 B = Vault XP
 C = Vault XP percentage of total XP
 D = Non-vault monster count
 E = Vault monster count
 F = Vault count percentage of total count
                 A         B        C        D         E       F
            +---------+---------+-------+---------+---------+-------
      Total |   19697 |   20766 |  51.3 |     212 |     190 |  47.3
            +---------+---------+-------+---------+---------+-------
        D:1 |      42 |       0 |   0.0 |      20 |       0 |   0.0
        D:2 |      64 |       0 |   0.0 |      13 |       0 |   0.0
        D:3 |      68 |       0 |   0.0 |      22 |       0 |   0.0
        D:4 |     615 |      25 |   3.9 |      19 |       6 |  24.0
        D:5 |     648 |    1538 |  70.4 |      12 |      73 |  85.9
        D:6 |     501 |     472 |  48.5 |      19 |       3 |  13.6
        D:7 |     523 |      12 |   2.2 |       9 |       6 |  40.0
        D:8 |    1024 |     617 |  37.6 |      29 |       1 |   3.3
        D:9 |     468 |       0 |   0.0 |       9 |       0 |   0.0
     Lair:1 |    5324 |     949 |  15.1 |      24 |       2 |   7.7
     Lair:2 |    1236 |    1719 |  58.2 |       3 |       8 |  72.7
     Lair:3 |    3642 |       0 |   0.0 |      13 |       0 |   0.0
     Lair:4 |    4366 |    7759 |  64.0 |      15 |      17 |  53.1
     Lair:5 |    1176 |    2588 |  68.8 |       5 |      10 |  66.7
      Sewer |       0 |     206 | 100.0 |       0 |      46 | 100.0
   Gauntlet |       0 |    4881 | 100.0 |       0 |      18 | 100.0
            +---------+---------+-------+---------+---------+-------
